 Dungeon Crawl Stone Soup version 0.32-a0-872-g59262bdc9b (webtiles) character file.

Game seed: 5013833639692236528

9846 Fractals the Fighter (level 11, 0/72 HPs)
             Began as a Demonspawn Chaos Knight on Mar 30, 2024.
             Was a Plaything of Xom.
             Splashed by a brown ugly thing's acid (9 damage)
             ... on level 10 of the Dungeon.
             The game lasted 00:21:41 (8012 turns).

Fractals the Fighter (Demonspawn Chaos Knight)      Turns: 8012, Time: 00:21:42

Health: 0/72       AC:  6    Str: 16    XL:     11   Next: 28%
Magic:  11/11      EV:  7    Int: 22    God:    Xom [*.....]
Gold:   562        SH: 11    Dex: 16    Spells: 10/10 levels left

rFire   . . .        f - +4 scimitar (flame)
rCold   . . .        F - +0 kite shield
rNeg    . . .        C - +0 chain mail
rPois   .            (helmet unavailable)
rElec   .            y - +0 cloak
rCorr   .            x - +0 pair of gloves
SInv    +            l - +0 pair of boots
Will    .....        h - amulet of regeneration
Stlth   +            m - +6 ring of intelligence
HPRegen 1.12/turn    (no ring)
MPRegen 0.12/turn

%: no passive effects
@: corroded, unable to drink
A: antennae 3, hooves 1, ignite blood 2, spiny 1, weakness stinger 2, thin
skeletal structure 2, clever 1, frail 2, inability to drink after injury 1,
inability to read after injury 1, MP-powered wands, noise suppression
a: Renounce Religion


You were on level 10 of the Dungeon.
You worshipped Xom.
You were a special plaything of Xom.
You visited 1 branch of the dungeon, and saw 10 of its levels.

You collected 562 gold pieces.

Inventory:

Hand Weapons
 f - a +4 scimitar of flaming (weapon)
 r - a +2 hand axe
 I - a +2 spear of venom
Missiles
 e - 29 poisoned darts (quivered)
Armour
 l - a +0 pair of boots (worn)
 x - a +0 pair of gloves (worn)
 y - a +0 cloak (worn)
 C - a +0 chain mail (worn)
 F - a +0 kite shield (worn)
Jewellery
 a - a ring of magical power
 b - an amulet of guardian spirit
 h - an amulet of regeneration (around neck)
 m - a +6 ring of intelligence (left hand)
 p - a ring of wizardry
 z - a ring of protection from fire
 E - a ring of magical power
 H - an amulet of magic regeneration
Wands
 j - a wand of paralysis (2)
 o - a wand of mindburst (5)
 v - a wand of iceblast (10)
Scrolls
 c - a scroll of butterflies
 i - 4 scrolls of enchant armour
 n - 2 scrolls of identify
 q - 3 scrolls of teleportation
 A - a scroll of summoning
 G - a scroll of immolation
Potions
 d - a potion of cancellation {unknown}
 g - 2 potions of curing
 k - 2 potions of lignification
 s - a potion of haste {unknown}
 t - a potion of mutation {unknown}
 u - a potion of resistance {unknown}
 B - a potion of degeneration {unknown}


   Skills:
 - Level 10.0 Fighting
 + Level 4.8 Long Blades
 - Level 2.6 Polearms
 - Level 7.0 Armour
 - Level 4.0 Dodging
 + Level 7.8 Shields
 - Level 7.0 Evocations


You had 10 spell levels left.
You didn't know any spells.
Your spell library contained the following spells:

 Spells                   Type           Power      Damage    Failure   Level
 Magic Dart               Conj           0%         1d3       98%         1
 Sandblast                Erth           0%         2d4       98%         1
 Call Imp                 Summ           0%         N/A       99%         2
 Cigotuvi's Dreadful Rot  Necr/Alch/Air  0%         N/A       99%         2
 Searing Ray              Conj           0%         2d4       99%         2
 Sublimation of Blood     Necr           0%         N/A       99%         2
 Frozen Ramparts          Ice            0%         1d1       100%        3
 Ozocubu's Armour         Ice            0%         N/A       100%        3
 Stone Arrow              Conj/Erth      0%         3d7       100%        3
 Teleport Other           Tloc           0%         N/A       100%        3
 Brom's Barrelling Bould  Conj/Erth      0%         2d3       100%        4
 Cause Fear               Hex            0%         N/A       100%        4
 Dispel Undead            Necr           0%         3d6       100%        4
 Fulminant Prism          Conj/Alch      0%         3d5       100%        4
 Martyr's Knell           Necr/Summ      0%         N/A       100%        4
 Fireball                 Conj/Fire      0%         3d3       100%        5
 Metabolic Englaciation   Hex/Ice        0%         N/A       100%        5
 Dispersal                Tloc           0%         N/A       100%        6
 Gell's Gavotte           Tloc           0%         2d(11-16) 100%        6
 Summon Hydra             Summ           0%         N/A       100%        7
 Dragon's Call            Summ           0%         N/A       100%        9


Dungeon Overview and Level Annotations

Branches:
Dungeon (10/15)            Temple (0/1) D:5
   Lair: D:8-11         Orc: D:9-12

Altars:
Ashenzari
Cheibriados
Kikubaaqudgha
Makhleb
Okawaru
Qazlal
Xom
Beogh

Annotations:
D:3 3 runed translucent doors, RoseCult's ghost, amateur GrFi


Innate Abilities, Weirdness & Mutations

You have a pair of large antennae on your head. (SInv)
You have large cloven feet.
Your demonic aura often causes spilled blood to erupt in flames.
You are partially covered in sharp spines.
You have a tail ending in a sharp stinger.
You have a moderately thin skeletal structure. (Dex +4, Stealth++)
Your mind is acute. (Int +4, Str/Dex -1)
You are very frail. (-20% HP)
You occasionally lose the ability to drink potions when taking damage.
You occasionally lose the ability to read scrolls when taking damage.
You expend magic power (3 MP) to strengthen your wands.
You passively dampen the noise of your surroundings.


Message History

The purple ugly thing is engulfed in blazing flames.
You kill the purple ugly thing!
The brown ugly thing is engulfed in blazing flames.
The brown ugly thing kicks you but does no damage.
Things that are here:
7 gold pieces; a +0 spear; a gnoll corpse You barely miss the brown ugly thing.
The brown ugly thing is lightly wounded.
The brown ugly thing is engulfed in blazing flames.
The brown ugly thing kicks you. The acid corrodes you!
You are splashed with acid!
You feel threatened and lose the ability to drink potions!
You hit the brown ugly thing but do no damage.
The brown ugly thing is moderately wounded.
The brown ugly thing is engulfed in blazing flames.
The brown ugly thing is struck by your spines.
The brown ugly thing kicks you!
You are splashed with acid!
You hit the brown ugly thing but do no damage.
The brown ugly thing is heavily wounded.
The brown ugly thing is struck by your spines.
The brown ugly thing kicks you.
You are splashed with acid!
The brown ugly thing kicks you but does no damage.
You barely miss the brown ugly thing.
You tail-slap the brown ugly thing, but do no damage.
The brown ugly thing is heavily wounded.
The brown ugly thing kicks you!
You are splashed with acid!
You hit the brown ugly thing. You burn the brown ugly thing.
You tail-slap the brown ugly thing, but do no damage.
The brown ugly thing is heavily wounded.
The brown ugly thing kicks you! The acid corrodes you!
You are splashed with acid!
* * * LOW HITPOINT WARNING * * *
You barely miss the brown ugly thing.
The brown ugly thing is heavily wounded.
The brown ugly thing is struck by your spines.
The brown ugly thing kicks you.
* * * LOW HITPOINT WARNING * * *
You are splashed with acid!
You die...
Xom chuckles heartily!

####.♣♣♣....# #..#....
..##)....#'####.....#
#...†##.............#
#########...........# #
#########...........#.#
.[.[..........#.##..#.##
######..........y).....# #
#.######.##u#.)#######.## #
#........##@#.))........#
######........##.#..##########
#....#........##.#..#
.....#........##.#.#####
#.......#####.##.......#
...####.# #.####.###.#
...#....### #.#......#.####
...#......# #.#.#..###.#..#
...#......###.#.#..# #.#..#


You could see a brown ugly thing and a vampire mosquito (resistant).

Vanquished Creatures
  Erica (D:9)
  A two-headed ogre (D:10)
  Maurice (D:9)
  An ugly thing (D:10)
  Joseph (D:8)
  2 wyverns
  5 yaks
  A vampire mosquito (D:10)
  Menkaure (D:5)
  An acid dragon (D:10)
  3 water moccasins
  An orc warrior (D:8)
  A sky beast (D:4)
  An ice beast (D:7)
  An ogre (D:5)
  2 centaurs
  A phantom (D:2)
  2 kobold brigands (D:8)
  2 scorpions (D:5)
  4 bullfrogs
  2 gnoll sergeants
  A wyvern zombie (D:10)
  6 wights
  A killer bee (D:8)
  A howler monkey (D:8)
  2 jellies
  5 hounds
  2 bombardier beetles
  An orc priest (D:6)
  2 gnoll boudas
  2 iguanas (D:6)
  4 sleepcaps
  3 orc wizards
  21 gnolls
  12 adders
  A shadow imp (D:7)
  A white imp (D:5)
  2 ufetubi (D:6)
  4 dart slugs
  11 orcs
  5 endoplasms
  3 giant cockroaches
  7 goblins
  3 hobgoblins
  6 jackals
  3 quokkas
  5 ball pythons
  4 bats
  3 frilled lizards
  19 kobolds
  3 rats
178 creatures vanquished.

Vanquished Creatures (collateral kills)
  2 two-headed ogres (D:10)
  Urug (D:10)
  An ugly thing (D:10)
  Jeremiah (D:9)
  2 wraiths (D:10)
  3 vampire mosquitoes (D:10)
  A centaur (shapeshifter) (D:10)
  A kobold brigand (D:10)
  A wyvern zombie (D:10)
  2 howler monkeys (D:10)
15 creatures vanquished.

Grand Total: 193 creatures vanquished

Notes
Turn   | Place    | Note
-------+----------+-------------------------------------------
     0 | D:1      | Fractals the Demonspawn Chaos Knight began the quest for
                  | the Orb.
     0 | D:1      | Reached XP level 1. HP: 18/18 MP: 1/1
    70 | D:1      | Found a faded altar of an unknown god.
   243 | D:1      | Gained mutation: You are partially covered in sharp spines.
                  | [demonic ancestry]
   243 | D:1      | Reached XP level 2. HP: 24/24 MP: 2/2
   373 | D:1      | XOM: silly message
   430 | D:1      | XOM: noise
   586 | D:2      | Reached skill level 4 in Fighting
   661 | D:2      | Gained mutation: Your demonic aura sometimes causes spilled
                  | blood to erupt in flames. [demonic ancestry]
   661 | D:2      | Reached XP level 3. HP: 30/30 MP: 3/3
   772 | D:2      | XOM: silly message
   782 | D:2      | XOM: silly message
  1252 | D:3      | XOM: noise
  1260 | D:3      | Noticed a phantom
  1273 | D:2      | XOM: noise
  1274 | D:2      | Killed a phantom
  1275 | D:2      | Reached skill level 5 in Fighting
  1275 | D:2      | Discovered your monstrous ancestry.
  1275 | D:2      | Gained mutation: You have a small tail. [demonic ancestry]
  1275 | D:2      | Reached XP level 4. HP: 22/39 MP: 4/4
  1331 | D:3      | XOM: noise
  1353 | D:3      | XOM: enchant monster (bad)
  1359 | D:2      | XOM: butterfly on damage
  1362 | D:2      | Reached XP level 5. HP: 16/44 MP: 5/5
  1579 | D:3      | XOM: give mutations
  1579 | D:3      | Gained mutation: You expend magic power (3 MP) to
                  | strengthen your wands. [Xom's mischief]
  1579 | D:3      | Gained mutation: You have a somewhat thin skeletal
                  | structure. (Dex +2, Stealth+) [Xom's mischief]
  1579 | D:3      | Gained mutation: Your mind is acute. (Int +4, Str/Dex -1)
                  | [Xom's mischief]
  1579 | D:3      | Gained mutation: You are frail. (-10% HP) [Xom's mischief]
  1603 | D:3      | Found a runed translucent gate.
  1604 | D:3      | Found a runed translucent gate.
  1605 | D:3      | Noticed RoseCult's ghost (amateur GrFi)
  1606 | D:3      | Found a runed translucent gate.
  1829 | D:3      | XOM: cloud trail
  1992 | D:3      | Found a roughly hewn altar of Beogh.
  2174 | D:4      | Gained mutation: Your demonic aura often causes spilled
                  | blood to erupt in flames. [demonic ancestry]
  2174 | D:4      | Reached XP level 6. HP: 13/46 MP: 6/6
  2345 | D:4      | Found a stormy altar of Qazlal.
  2345 | D:4      | Noticed a sky beast
  2366 | D:4      | Killed a sky beast
  2367 | D:4      | Reached skill level 6 in Fighting
  2685 | D:5      | Entered Level 5 of the Dungeon
  2716 | D:5      | XOM: draining
  2727 | D:5      | Noticed a water moccasin
  2734 | D:5      | XOM: enchant monster (good)
  2757 | D:5      | Killed a water moccasin
  2758 | D:5      | Gained mutation: You have a pair of small antennae on your
                  | head. [demonic ancestry]
  2758 | D:5      | Reached XP level 7. HP: 37/53 MP: 7/7
  2772 | D:5      | XOM: noise
  2841 | D:5      | XOM: 3-stop teleportation journey
  2854 | D:5      | Reached skill level 5 in Armour
  2857 | D:5      | Reached skill level 7 in Fighting
  2980 | D:5      | Found a staircase to the Ecumenical Temple.
  3006 | D:5      | XOM: cleaving
  3009 | D:5      | Noticed Menkaure
  3016 | D:5      | XOM: smoke on damage
  3017 | D:5      | XOM: butterfly on damage
  3018 | D:5      | Killed Menkaure
  3019 | D:5      | Gained mutation: You have a pair of antennae on your head.
                  | [demonic ancestry]
  3019 | D:5      | Reached XP level 8. HP: 19/61 MP: 8/8
  3024 | D:5      | XOM: noise
  3122 | D:5      | XOM: give mutations
  3122 | D:5      | Gained mutation: Potions are less effective at restoring
                  | your health. [Xom's mischief]
  3122 | D:5      | Gained mutation: You passively dampen the noise of your
                  | surroundings. [Xom's mischief]
  3122 | D:5      | Gained mutation: You have a moderately thin skeletal
                  | structure. (Dex +4, Stealth++) [Xom's mischief]
  3191 | D:5      | Found a snail-covered altar of Cheibriados.
  3202 | D:5      | Reached skill level 8 in Fighting
  3262 | D:5      | Found an iron altar of Okawaru.
  3274 | D:5      | XOM: summons 2 hostile shadow creatures
  4102 | D:6      | XOM: give mutations
  4102 | D:6      | Gained mutation: You occasionally lose the ability to drink
                  | potions when taking damage. [Xom's mischief]
  4102 | D:6      | Lost mutation: Potions are less effective at restoring your
                  | health. [Xom's mischief]
  4195 | D:7      | XOM: 7-stop teleportation journey
  4207 | D:7      | Reached skill level 1 in Dodging
  4211 | D:7      | Reached skill level 9 in Fighting
  4264 | D:7      | XOM: 2-stop teleportation journey
  4394 | D:7      | XOM: 6-stop teleportation journey
  4672 | D:7      | XOM: give mutations
  4672 | D:7      | Gained mutation: You occasionally lose the ability to read
                  | scrolls when taking damage. [Xom's mischief]
  4672 | D:7      | Gained mutation: Your magical capacity is low. (-10% MP)
                  | [Xom's mischief]
  4672 | D:7      | Lost mutation: Your magical capacity is low. (-10% MP)
                  | [Xom's mischief]
  4672 | D:7      | Gained mutation: You are very frail. (-20% HP) [Xom's
                  | mischief]
  4679 | D:7      | XOM: chaos cloud
  4680 | D:7      | XOM: enchant monster (bad)
  4681 | D:7      | XOM: potion effect (brilliance)
  4689 | D:7      | Reached skill level 1 in Evocations
  4689 | D:7      | Gained mutation: You have a tail ending in a sharp stinger.
                  | [demonic ancestry]
  4689 | D:7      | Reached XP level 9. HP: 53/60 MP: 6/9
  5192 | D:8      | XOM: potion effect (berserk rage)
  5203 | D:8      | XOM: scenery: create altars
  5292 | D:8      | Found a shimmering altar of Xom.
  5356 | D:8      | Found a snail-covered altar of Cheibriados.
  5360 | D:8      | XOM: polymorph hornet -> hound
  5365 | D:8      | XOM: divination: detect items
  5560 | D:8      | XOM: silly message
  5737 | D:8      | Noticed Joseph
  5748 | D:8      | Killed Joseph
  5749 | D:8      | Reached skill level 10 in Fighting
  6152 | D:9      | XOM: potion effect (might)
  6158 | D:8      | XOM: enchant monster (good)
  6242 | D:9      | XOM: divination: detect items
  6243 | D:9      | Reached skill level 5 in Evocations
  6243 | D:9      | Gained mutation: You have a pair of large antennae on your
                  | head. (SInv) [demonic ancestry]
  6243 | D:9      | Reached XP level 10. HP: 20/68 MP: 10/10
  6272 | D:9      | Noticed Erica
  6272 | D:9      | XOM: 1-stop teleportation journey
  6273 | D:9      | XOM: 5-stop teleportation journey
  6280 | D:9      | Killed Erica
  6436 | D:9      | XOM is BORED!
  6436 | D:9      | XOM: give mutations
  6436 | D:9      | Lost mutation: You are very frail. (-20% HP) [Xom's
                  | mischief]
  6436 | D:9      | Gained mutation: You are very frail. (-20% HP) [Xom's
                  | mischief]
  6446 | D:9      | Noticed Maurice
  6451 | D:9      | Maurice stole 25 poisoned darts
  6452 | D:9      | Maurice stole an amulet of magic regeneration
  6453 | D:9      | Paralysed by Maurice for 2 turns
  6459 | D:9      | Paralysed by Maurice for 5 turns
  6459 | D:9      | Maurice stole a +2 dagger of speed
  6460 | D:9      | Maurice stole 205 gold
  6461 | D:9      | Maurice stole 65 gold
  6466 | D:9      | Killed Maurice
  6502 | D:9      | Noticed Jeremiah
  6505 | D:9      | XOM: confusion (+ monsters)
  6534 | D:9      | XOM: polymorph gnoll sergeant -> bat
  6566 | D:9      | XOM: divine lightning
  6582 | D:9      | XOM: potion effect (brilliance)
  6609 | D:9      | Killed Jeremiah
  6610 | D:9      | Reached skill level 5 in Shields
  6967 | D:9      | Found an ancient bone altar of Kikubaaqudgha.
  7261 | D:9      | XOM: god gift: 16 gold pieces
  7384 | D:10     | Entered Level 10 of the Dungeon
  7385 | D:10     | XOM: torment (34/65 hp)
  7443 | D:10     | Noticed a two-headed ogre
  7454 | D:10     | XOM: summons 7 friendly demons
  7457 | D:10     | Killed a two-headed ogre
  7463 | D:10     | Identified the ring "Qasidgh" {Fly rElec Str+3 Int+6 Dex-5}
                  | (Xom gifted it to you on level 10 of the Dungeon)
  7463 | D:10     | XOM: god gift: ring "Qasidgh" {Fly rElec Str+3 Int+6 Dex-5}
  7468 | D:10     | XOM: scenery: 1 doors open
  7491 | D:10     | Found a broken altar of Ashenzari.
  7518 | D:10     | XOM: scenery: summon butterflies
  7584 | D:10     | Noticed a two-headed ogre
  7587 | D:10     | Killed a two-headed ogre
  7647 | D:10     | Noticed Urug
  7648 | D:10     | Noticed a red ugly thing
  7655 | D:10     | Killed Urug
  7660 | D:10     | Gained mutation: You have large cloven feet. [demonic
                  | ancestry]
  7660 | D:10     | Reached XP level 11. HP: 28/72 MP: 11/11
  7662 | D:10     | Killed a red ugly thing
  7728 | D:10     | Noticed a two-headed ogre
  7740 | D:10     | Killed a two-headed ogre
  7768 | D:10     | Found a burning altar of Makhleb.
  7992 | D:10     | Noticed a purple ugly thing
  7992 | D:10     | Noticed a green ugly thing
  8000 | D:10     | XOM: enchant monster (bad)
  8005 | D:10     | Killed a purple ugly thing
  8012 | D:10     | Splashed by a brown ugly thing's acid

Illustrated notes

Levels and vault maps discovered:
D:1:      minmay_arrival_cross, layout_loops_ring, basic_ecumenical_altar
D:2:      layout_basic
D:3:      layout_basic, biasface_ghost_orc_armoury, minmay_misc_feat_plants,
          nrook_mini_vaults
D:4:      layout_cave_pools, nicolae_qazlal_beasts_of_the_sky,
          kennysheep_mini_moat
D:5:      layout_loops_ring, mainiacjoe_overflow_big_doors,
          minmay_temple_entry_fiery, minmay_strange_pillars, uniq_menkaure
D:6:      layout_rooms
D:7:      layout_basic
D:8:      layout_cave_pods, lemuel_doored_altar, minmay_ruined_shrine,
          uniq_joseph
D:9:      layout_layer_cave, kennysheep_little_box,
          nicolae_elevator_lobby_asterisk, uniq_jeremiah, uniq_maurice,
          uniq_erica
D:10:     regret_index_malice_mire, layout_basic, evilmike_ruin_ashenzari,
          nicolae_overflow_crystal_walls, mainiacjoe_overflow_small_starburst,
          enter_bailey_4, chequers_serial_rivers_micro_a, uniq_urug

Skill      XL: |  1  2  3  4  5  6  7  8  9 10 11 |
---------------+----------------------------------+-----
Fighting       | 4 5 6 7 9 10 | 10.0
Armour         | 2 3 4 5 7 |  7.0
Dodging        | 2 4 |  4.0
Evocations     | 1 5 7 |  7.0
Shields        | 3 6 7 |  7.8
Long Blades    | 3 4 |  4.8
Polearms       | |  2.6

Action                     |  1- 3 |  4- 6 |  7- 9 | 10-12 || total
---------------------------+-------+-------+-------+-------++-------
  Melee: Spear             |    71 |   142 |   272 |     4 ||   489
         Tailslap          |       |    20 |    45 |    14 ||    79
         Scimitar          |       |       |       |   102 ||   102
  Evoke: Wand              |       |       |     1 |     2 ||     3
    Use: Scroll            |     1 |     3 |     8 |     2 ||    14
         Potion            |       |     1 |     1 |     1 ||     3
   Stab: Sleeping          |     1 |     4 |     5 |       ||    10
         Distracted        |       |     1 |     1 |       ||     2
         Confused          |       |     1 |       |       ||     1
         Petrified         |       |     4 |       |       ||     4
         Petrifying        |       |     1 |       |       ||     1
 Armour: Leather armour    |     9 |    39 |    84 |       ||   132
         Ring mail         |    18 |    20 |       |       ||    38
         Chain mail        |       |       |   104 |    89 ||   193
  Dodge: Dodged            |    26 |    62 |   101 |    27 ||   216
  Block: Kite shield       |       |       |    24 |    51 ||    75

Table legend: (Time is in decaauts)
 A = Elapsed time spent in this place.
 B = Non-inter-level travel time spent in this place.
 C = Inter-level travel time spent in this place.
 D = Time resting spent in this place.
 E = Time spent auto-exploring this place.
 F = Levels seen in this place.
 G = Mean time per level.
                   A        B        C        D        E       F      G
               +--------+--------+--------+--------+--------+-----+--------+
         Total |   8115 |   7930 |    185 |    785 |   5095 |  10 |  811.5 |
       Dungeon |   8115 |   7930 |    185 |    785 |   5095 |  10 |  811.5 |
               +--------+--------+--------+--------+--------+-----+--------+

Top non-repeatable levels by time:
     D:9: 1206 daAuts
     D:8: 1148 daAuts
     D:7: 945 daAuts
     D:5: 905 daAuts
     D:2: 751 daAuts
     D:3: 697 daAuts
     D:4: 670 daAuts
    D:10: 646 daAuts
     D:6: 577 daAuts
     D:1: 567 daAuts
